 Dungeon Crawl Stone Soup version 0.24.1-8-ga250c9d538 (webtiles) character file.

Game seed: 1254751335353995766, levelgen mode: deterministic

1140 Hugehornet the Cleaver (level 8, -3/66 HPs)
             Began as a Hill Orc Fighter on Apr 29, 2020.
             Slain by a river rat (9 damage)
             ... summoned by Eustachio
             ... while paralysed
             ... on level 5 of the Dungeon.
             The game lasted 00:09:31 (4671 turns).

Hugehornet the Cleaver (Hill Orc Fighter)           Turns: 4671, Time: 00:09:32

Health: -3/66      AC:  0    Str: 21    XL:     8   Next: 37%
Magic:  8/8        EV:  3    Int:  8    God:
Gold:   240        SH:  0    Dex: -2 (10) Spells: 7/7 levels left

rFire    . . .     SeeInvis .   (weapon currently unavailable)
rCold    . . .     Gourm    .   (shield currently unavailable)
rNeg     . . .     Faith    .   (armour currently unavailable)
rPois    .         Spirit   .   (helmet currently unavailable)
rElec    .         Reflect  .   (cloak currently unavailable)
rCorr    .         Harm     .   (gloves currently unavailable)
MR       .....                  (boots currently unavailable)
Stlth    ..........             h - amulet of the acrobat
HPRegen  0.21/turn              (ring currently unavailable)
MPRegen  0.11/turn              (ring currently unavailable)

@: paralysed, pig-form (expiring), slowed, lost dexterity, very quick
A: small
a: no special abilities


You were on level 5 of the Dungeon.
You were not hungry.
You were a filthy swine.
You visited 1 branch of the dungeon, and saw 5 of its levels.

You collected 240 gold pieces.

Inventory:

Hand Weapons
 a - a +0 war axe (melded)
 u - a +2 antimagic flail
Armour
 b - a +0 scale mail (melded)
 c - a +0 shield (melded)
 g - a +0 chain mail
 m - a +0 pair of boots (melded)
 w - a +1 hat
 D - a +0 helmet (melded)
Jewellery
 h - an amulet of the acrobat (around neck)
 x - a +6 ring of dexterity (melded)
 z - a cursed -3 ring of strength {unknown}
Wands
 s - a wand of polymorph (4)
 t - a wand of paralysis (7)
 v - a wand of iceblast (11)
 y - a wand of acid (11)
Scrolls
 d - 2 scrolls of enchant weapon {unknown}
 j - 2 scrolls of enchant armour {unknown}
 l - 2 scrolls of amnesia {unknown}
 o - 4 scrolls of identify {unknown}
 p - a scroll of magic mapping {unknown}
 q - 2 scrolls of remove curse {unknown}
 A - a scroll of random uselessness {unknown}
 B - a scroll of teleportation {unknown}
Potions
 e - a potion of degeneration
 i - 2 potions of might
 k - 2 potions of lignification {unknown}
 n - 2 potions of curing
 r - a potion of ambrosia {unknown}
 C - a potion of heal wounds {unknown}
Comestibles
 f - 6 rations


   Skills:
 - Level 3.7 Fighting
 * Level 12.3 Axes
 - Level 3.4 Armour
 - Level 3.3 Shields


You had 7 spell levels left.
You didn't know any spells.
Your spell library contained the following spells:

 Spells                   Type           Power        Failure   Level  Hunger
 Animate Skeleton         Necr           N/A          41%         1    ##.....
 Apportation              Tloc           #.....       41%         1    ##.....
 Confusing Touch          Hex            #.....       41%         1    ##.....
 Corona                   Hex            #......      41%         1    ##.....
 Summon Small Mammal      Summ           #...         41%         1    ##.....
 Ensorcelled Hibernation  Hex/Ice        #.....       54%         2    ###....
 Confuse                  Hex            #.......     78%         3    ####...
 Dazzling Spray           Conj/Hex       #.....       78%         3    ####...
 Tukima's Dance           Hex            #.......     78%         3    ####...


Dungeon Overview and Level Annotations

Branches:
Dungeon (5/15)
 Temple: D:4-7

Altars:
Ru

Annotations:
D:5 Eustachio


Message History

The quasit claws you.
You feel clumsy. The quasit barely misses you. The crimson imp hits you.
Eustachio zaps a wand.
You resist with some effort. The rat barely misses you.
The river rat closely misses you. The quasit barely misses you.
The quasit completely misses you. The quasit claws you.
You feel clumsy.
You have lost your dexterity.
The bat hits you. The quasit bites you.
You feel clumsy. The quasit claws you.
* * * LOW HITPOINT WARNING * * *
You feel clumsy. The quasit claws you.
* * * LOW HITPOINT WARNING * * *
The crimson imp hits you.
* * * LOW HITPOINT WARNING * * *
Eustachio hits you with a +0 rapier!
* * * LOW HITPOINT WARNING * * *
The river rat bites you!
You die...

......<#...#.#.^._PP#......#.####
..........#.###P..P^#............
.##.##....### #^.PPP#............
.#.........##########............
.#......<.................@......
............#....................
....###.....#.......##...........
...##.......#..rr@..##...........
............#..5h5...#...........
.##.........#....b...#...........
.##.........#........#...........
.##...##....#........#####.#.#...
.#.........##.....#.... .....##..
.#................#.......... #..
..............###.^.......... #.#
................#................
......##........#....# #### >....


You could see Eustachio, a quasit, a crimson imp, a river rat, a bat and a rat.

Vanquished Creatures
  Grinder (D:3)
  An ice beast (D:5)
  A phantom (D:4)
  A scorpion (D:4)
  A howler monkey (D:5)
  4 crimson imps (D:5)
  An orc wizard (D:4)
  A bullfrog skeleton (D:4)
  A centaur skeleton (D:4)
  An iguana (D:4)
  Natasha (thrice) (D:2)
  5 worker ants
  A worker ant zombie (D:5)
  Robin (D:2)
  5 gnolls (D:4)
  6 adders
  2 oozes
  A worm (D:3)
  A dart slug (D:1)
  7 leopard geckos
  13 orcs
  7 bats
  2 giant cockroaches (D:2)
  13 goblins
  10 hobgoblins
  3 jackals (D:1)
  5 quokkas
  10 frilled lizards
  5 kobolds
  A leopard gecko skeleton (D:4)
  A leopard gecko zombie (D:5)
  A quokka skeleton (D:4)
  3 rats
  A plant (D:2)
120 creatures vanquished.

Notes
Turn   | Place    | Note
-------+----------+-------------------------------------------
     0 | D:1      | Hugehornet the Hill Orc Fighter began the quest for the
                  | Orb.
     0 | D:1      | Reached XP level 1. HP: 19/19 MP: 1/1
   289 | D:1      | Reached skill level 3 in Axes
   289 | D:1      | Reached XP level 2. HP: 27/27 MP: 2/2
   803 | D:2      | Noticed Natasha
   812 | D:2      | Killed Natasha
   812 | D:2      | Reached skill level 4 in Axes
   812 | D:2      | Reached XP level 3. HP: 10/33 MP: 3/3
   978 | D:2      | Noticed Natasha
   990 | D:2      | Killed Natasha
   990 | D:2      | Reached skill level 5 in Axes
   990 | D:2      | Reached XP level 4. HP: 22/40 MP: 4/4
  1358 | D:2      | Reached skill level 6 in Axes
  1486 | D:2      | Reached XP level 5. HP: 41/46 MP: 5/5
  1489 | D:2      | Noticed Natasha
  1493 | D:2      | Noticed Robin
  1494 | D:2      | Killed Natasha
  1533 | D:2      | Killed Robin
  1533 | D:2      | Reached skill level 7 in Axes
  2454 | D:3      | Noticed Grinder
  2470 | D:3      | Paralysed by Grinder for 4 turns
  2524 | D:3      | Paralysed by Grinder for 2 turns
  2527 | D:3      | Killed Grinder
  2527 | D:3      | Reached skill level 9 in Axes
  2527 | D:3      | Reached XP level 6. HP: 49/52 MP: 6/6
  2891 | D:3      | Reached XP level 7. HP: 58/58 MP: 7/7
  3358 | D:4      | Reached skill level 10 in Axes
  3853 | D:5      | Entered Level 5 of the Dungeon
  3900 | D:4      | Reached skill level 11 in Axes
  4195 | D:5      | Found a sacrificial altar of Ru.
  4276 | D:5      | Reached XP level 8. HP: 59/66 MP: 8/8
  4370 | D:5      | Reached skill level 12 in Axes
  4478 | D:5      | Noticed Eustachio
  4670 | D:5      | Lost dexterity.
  4671 | D:5      | Slain by a river rat

Levels and vault maps discovered:
D:1:      lightli_arrival_statuegarden, layout_loops_ring
D:2:      minmay_chambers_of_twos, layout_basic, minmay_lizard_king, uniq_robin,
          uniq_natasha
D:3:      layout_basic, first_ration, uniq_grinder
D:4:      kb_forest_paths, layout_rooms
D:5:      layout_basic, nicolae_ru_the_path_less_chosen, uniq_eustachio

Skill      XL: |  1  2  3  4  5  6  7  8 |
---------------+-------------------------+-----
Axes           | 3 4 5 6 9 11 12 | 12.3
Fighting       | |  3.7
Armour         | |  3.4
Shields        | |  3.3

Action                   |  1- 3 |  4- 6 |  7- 9 || total
-------------------------+-------+-------+-------++-------
Melee: War axe           |    57 |   195 |   153 ||   405
       Unarmed           |       |     4 |    25 ||    29
  Use: Potion            |     1 |     4 |       ||     5
  Eat: Chunk             |       |     7 |     4 ||    11
       Ration            |       |       |     1 ||     1
Armor: Scale mail        |    13 |    89 |    69 ||   171
       Skin              |       |     3 |       ||     3
Dodge: Dodged            |    10 |    53 |    70 ||   133
Block: Shield            |    32 |    90 |    67 ||   189
